 Dungeon Crawl Stone Soup version 0.25.0-46-gbd7b085 (webtiles) character file.

Game seed: 15113718019515299783

318 silenth the Slasher (level 6, -2/44 HPs)
             Began as an Octopode Fighter on July 13, 2020.
             Slain by a phantom (8 damage)
             ... on level 3 of the Dungeon.
             The game lasted 00:03:26 (3255 turns).

silenth the Slasher (Octopode Fighter)              Turns: 3255, Time: 00:03:27

Health: -2/44      AC:  1    Str: 17    XL:     6   Next: 45%
Magic:  6/6        EV: 11    Int: 10    God:
Gold:   133        SH:  9    Dex: 12    Spells: 5/5 levels left

rFire    . . .     SeeInvis .   a - +0 long sword
rCold    . . .     Gourm    .   b - +0 kite shield
rNeg     . . .     Faith    .   (helmet restricted)
rPois    .         Spirit   .   (no amulet)
rElec    .         Reflect  .   (no ring)
rCorr    .         Harm     .   (no ring)
MR       .....                  (no ring)
Stlth    +++.......             (no ring)
HPRegen  0.14/turn              (no ring)
MPRegen  0.10/turn              (no ring)
                                (no ring)
                                (no ring)

@: no status effects
A: almost no armour, stealthy swim, amphibious, 8 rings, constrict 8, camouflage
1, gelatinous body 1
a: no special abilities


You were on level 3 of the Dungeon.
You were not hungry.

You visited 1 branch of the dungeon, and saw 4 of its levels.

You collected 133 gold pieces.

Inventory:

Hand Weapons
 a - a +0 long sword (weapon)
 o - a +0 dagger of speed
Missiles
 l - 8 javelins
 q - 5 boomerangs (quivered)
Armour
 b - a +0 kite shield (worn)
Scrolls
 d - 6 scrolls of identify {unknown}
 h - 2 scrolls of remove curse {unknown}
 j - a scroll of fear {unknown}
 m - 2 scrolls of teleportation {unknown}
 n - a scroll of blinking {unknown}
 p - a scroll of immolation {unknown}
Potions
 c - 3 potions of might
 g - a potion of lignification
 i - a potion of stabbing {unknown}
 k - a potion of ambrosia {unknown}
Comestibles
 e - 3 rations


   Skills:
 + Level 4.4 Fighting
 * Level 5.2 Long Blades
 - Level 3.0 Dodging
 - Level 3.0 Stealth
 - Level 3.0 Shields


You had 5 spell levels left.
You didn't know any spells.
Your spell library was empty.

Dungeon Overview and Level Annotations

Branches:
Dungeon (4/15)
 Temple: D:4-7

Altars:

Annotations:
D:4 3 runed translucent doors


Innate Abilities, Weirdness & Mutations

You cannot wear most types of armour.
You are very stealthy in the water. (Stealth+)
You are amphibious.
You can wear up to eight rings at the same time.
You can use your tentacles to constrict eight enemies at once.
Your skin changes colour to match your surroundings (Stealth+).
Your rubbery body absorbs attacks. (AC +1, EV +1)


Message History

Aim: a phantom (moderately damaged)
You throw a boomerang.
The boomerang closely misses the phantom.
Throwing (i - inventory. (/) - cycle)
q - 5 boomerangs (quivered)
Press: ? - help, Shift-Dir - straight line, f/p - phantom
Aim: a phantom (moderately damaged)
You throw a boomerang.
The boomerang hits the phantom but does no damage.
The phantom is moderately damaged.
Throwing (i - inventory. (/) - cycle)
q - 5 boomerangs (quivered)
Press: ? - help, Shift-Dir - straight line, f/p - phantom
Aim: a phantom (moderately damaged)
You throw a boomerang.
The boomerang closely misses the phantom.
You feel less wooden.
The phantom blinks!
You hit the phantom.
The phantom is heavily damaged.
The phantom hits you!
You die...

##### #.# #.# #.# #.# #.# #.#
##### #.# #.# #.# #.... #.# #.#
#.###.### #.# #.# #...#.# #.#
#.##########.#.### #.#
#..........#......
############.###.)..........#.###
.......(........@W.######.#.#.##
###########...#.....ยง..........##
............#.....#######.#(#....
###########...#...#### #.#...... #
##.##......# #.#..###. #
#.##...#..# #.#..# #. #
###.##...#..####.#..###. #
#...#................... ####
#.#.....##..####.#####..


You could see a phantom.

Vanquished Creatures
  2 scorpions
  3 orc wizards (D:3)
  3 adders
  A gnoll (D:4)
  An ooze (D:3)
  3 worms
  3 dart slugs
  3 leopard geckos
  6 orcs
  2 giant cockroaches
  6 goblins
  6 hobgoblins
  9 jackals
  9 kobolds
  2 quokkas (D:3)
  10 bats
  7 rats
76 creatures vanquished.

Notes
Turn   | Place    | Note
-------+----------+-------------------------------------------
     0 | D:1      | silenth the Octopode Fighter began the quest for the Orb.
     0 | D:1      | Reached XP level 1. HP: 16/16 MP: 1/1
   204 | D:1      | Reached XP level 2. HP: 20/21 MP: 2/2
   630 | D:1      | Reached skill level 3 in Long Blades
   660 | D:1      | Reached XP level 3. HP: 26/26 MP: 3/3
  1165 | D:2      | Reached skill level 1 in Stealth
  1175 | D:2      | Reached XP level 4. HP: 14/31 MP: 4/4
  1742 | D:3      | Reached skill level 2 in Stealth
  1743 | D:3      | Reached skill level 4 in Long Blades
  1743 | D:3      | Reached XP level 5. HP: 37/37 MP: 5/5
  2502 | D:4      | Reached skill level 4 in Fighting
  2540 | D:4      | Reached skill level 3 in Stealth
  2688 | D:3      | Reached XP level 6. HP: 16/43 MP: 6/6
  3022 | D:4      | Found a runed translucent gate.
  3022 | D:4      | Found a runed translucent gate.
  3022 | D:4      | Found a runed translucent gate.
  3025 | D:4      | Reached skill level 5 in Long Blades
  3078 | D:4      | Noticed a phantom
  3233 | D:3      | HP: 3/44 [orc wizard/+0 dagger (2)]
  3255 | D:3      | Slain by a phantom

Illustrated notes

Levels and vault maps discovered:
D:1:      elethiomel_arrival_maze, layout_basic
D:2:      layout_rooms, chequers_serial_rivers_room_b
D:3:      layout_loops_ring
D:4:      layout_cave_pools, minmay_temple_entry_butterflies,
          gammafunk_ghost_cemetery

Skill      XL: |  1  2  3  4  5  6 |
---------------+-------------------+-----
Long Blades    | 3 4 5 |  5.2
Stealth        | 1 2 3 |  3.0
Fighting       | 4 |  4.4
Dodging        | |  3.0
Shields        | |  3.0

Action                   |  1- 3 |  4- 6 || total
-------------------------+-------+-------++-------
Melee: Long sword        |    69 |    95 ||   164
       Constrict         |    17 |    31 ||    48
       Tentacles         |    10 |    17 ||    27
Throw: Boomerang         |       |     7 ||     7
  Use: Potion            |     1 |     2 ||     3
 Stab: Sleeping          |     1 |     4 ||     5
  Eat: Chunk             |     1 |     3 ||     4
       Ration            |       |     1 ||     1
Armor: Skin              |    11 |    20 ||    31
Dodge: Dodged            |    39 |    49 ||    88
Block: Kite shield       |    43 |    51 ||    94
       Rpst.: Long sword |     8 |    11 ||    19
